 Dungeon Crawl Stone Soup version 0.27-a0-1140-g099f9bb0e8 (webtiles) character file.

Game seed: 8585040365870513633

903 leviel the Chopper (level 7, 0/61 (63) HPs)
             Began as a Minotaur Fighter on May 9, 2021.
             Was an Initiate of Okawaru.
             Slain by Edmund
             ... wielding a +0 dire flail of draining
              (10 damage)
             ... on level 6 of the Dungeon.
             The game lasted 00:06:36 (5346 turns).

leviel the Chopper (Minotaur Fighter)               Turns: 5346, Time: 00:06:36

HP:   0/61 (63)     AC:  7    Str: 22    XL:     7   Next: 80%
MP:   6/6           EV: 16    Int:  5    God:    Okawaru [......]
Gold: 248           SH: 10    Dex: 10    Spells: 6/6 levels left

rFire    . . .     SeeInvis .   a - +1 war axe
rCold    . . .     Faith    .   c - +0 kite shield
rNeg     . . .     Spirit   .   b - +0 scale mail
rPois    .         Reflect  .   (helmet restricted)
rElec    .         Harm     .   (no cloak)
rCorr    .         Rampage  .   (no gloves)
Will     .....                  (no boots)
Stlth    ..........             (no amulet)
HPRegen  0.20/turn              k - +4 ring of evasion
MPRegen  0.10/turn              l - +4 ring of evasion

@: lightly drained
A: horns 2, retaliatory headbutt
a: Renounce Religion


You were on level 6 of the Dungeon.
You worshipped Okawaru.
Okawaru was noncommittal.
You visited 2 branches of the dungeon, and saw 7 of its levels.

You collected 248 gold pieces.

Inventory:

Hand Weapons
 a - a +1 war axe (weapon)
Armour
 b - a +0 scale mail (worn)
 c - a +0 kite shield (worn)
Jewellery
 j - a +6 ring of strength
 k - a +4 ring of evasion (left hand)
 l - a +4 ring of evasion (right hand)
 o - a +6 ring of strength
Scrolls
 e - 2 scrolls of amnesia
 f - a scroll of fear {unknown}
 i - a scroll of immolation {unknown}
 m - 2 scrolls of identify
 n - a scroll of enchant armour {unknown}
 p - a scroll of noise {unknown}
Potions
 d - a potion of might
 g - 2 potions of heal wounds
 h - a potion of curing {unknown}


   Skills:
 + Level 6.1 Fighting
 * Level 7.1 Axes
 - Level 6.0 Armour
 - Level 6.0 Shields


You had 6 spell levels left.
You didn't know any spells.
Your spell library contained the following spells:

 Spells                   Type           Power      Damage    Failure   Level
 Summon Small Mammal      Summ           0%         N/A       99%         1
 Call Imp                 Summ           0%         N/A       99%         2
 Call Canine Familiar     Summ           0%         N/A       100%        3
 Summon Guardian Golem    Hex/Summ       0%         N/A       100%        3
 Summon Ice Beast         Ice/Summ       0%         N/A       100%        4
 Summon Lightning Spire   Summ/Air       0%         N/A       100%        4


Dungeon Overview and Level Annotations

Branches:
Dungeon (6/15)             Temple (1/1) D:5

Altars:
Ashenzari
Cheibriados
Dithmenos
Elyvilon
Fedhas
Gozag
Hepliaklqana
Kikubaaqudgha
Makhleb
Okawaru
Qazlal
Ru
Uskayaw
Vehumet
Wu Jian
Xom
Zin
The Shining One

Shops:
D:2 [

Annotations:
D:6 Edmund


Innate Abilities, Weirdness & Mutations

You have a pair of horns on your head.
You reflexively headbutt those who attack you in melee.


Message History

The black bear claws you but does no damage.
You barely miss the black bear. You headbutt the black bear.
You kill the black bear!
Okawaru accepts your kill. You block the kobold's attack.
Your life force feels restored.
Your Fighting skill increases to level 6!
Your Axes skill increases to level 7!
You slash the kobold!
You kill the kobold!
Okawaru accepts your kill.
Okay, then.
You completely miss Edmund. You block Edmund's attack. Edmund misses you.
You slash Edmund! You headbutt Edmund, but do no damage.
Edmund is moderately wounded.
Edmund says, "I might not be good at magic, but I can still kill you!"
Edmund closely misses you.
You hit Edmund.
Edmund is moderately wounded.
Edmund zaps a wand.
The puff of flame hits you!
You barely miss Edmund.
Edmund is moderately wounded.
Edmund closely misses you. You furiously retaliate!
You headbutt Edmund!
Edmund zaps a wand.
The puff of flame hits you!
You barely miss Edmund.
Edmund is heavily wounded.
Edmund closely misses you.
You hit Edmund. You headbutt Edmund.
Edmund is heavily wounded.
Edmund drinks a potion.
Edmund is healed!
You slash Edmund!
Edmund is moderately wounded.
Edmund hits you with a +0 dire flail of draining.
You feel drained.
You hit Edmund.
Edmund is moderately wounded.
Edmund zaps a wand.
The puff of flame hits you!
* * * LOW HITPOINT WARNING * * *
Edmund hits you with a +0 dire flail of draining!
You die...

####### #....<#
##.....# ###
#......#
..######......#
#.#...........#
#.#.####......#
####...@@...######
#....#.######
###.##...#
....(..@##
.#..##.K##
......#.)#
...##..#)# . ##.
.# ## ..


You could see Edmund.

Vanquished Creatures
  A black bear (D:6)
  The ghost of AtomicRavioli the Grave Robber, an amateur NaNe (D:4)
  An ogre (D:5)
  A kobold brigand (D:6)
  A bullfrog (D:4)
  A scorpion (D:5)
  2 water moccasin skeletons
  A howler monkey (D:5)
  A hound (D:4)
  A jelly (D:4)
  Jessica (D:2)
  A bullfrog skeleton (D:5)
  2 orc wizards (D:5)
  A hound skeleton (D:4)
  4 adders
  A shadow imp (D:5)
  3 worms
  4 dart slugs
  7 orcs
  6 bats
  8 endoplasms
  2 giant cockroaches
  5 hobgoblins
  7 jackals
  2 quokkas
  7 ball pythons
  2 frilled lizards
  7 goblins
  11 kobolds
  4 rats
96 creatures vanquished.

Notes
Turn   | Place    | Note
-------+----------+-------------------------------------------
     0 | D:1      | leviel the Minotaur Fighter began the quest for the Orb.
     0 | D:1      | Reached XP level 1. HP: 19/19 MP: 0/0
   136 | D:1      | Reached XP level 2. HP: 27/27 MP: 1/1
   708 | D:1      | Reached XP level 3. HP: 33/33 MP: 2/2
  1019 | D:2      | Found a faded altar of an unknown god.
  1048 | D:2      | Noticed Jessica
  1053 | D:2      | Killed Jessica
  1054 | D:2      | Reached skill level 3 in Axes
  1340 | D:2      | Found Bulilaleum's Armour Shop.
  1349 | D:2      | Reached XP level 4. HP: 40/40 MP: 3/3
  3014 | D:4      | Found a runed translucent door.
  3069 | D:4      | Noticed a bullfrog
  3073 | D:4      | Noticed AtomicRavioli's ghost (amateur NaNe)
  3085 | D:4      | Killed a bullfrog
  3086 | D:4      | Reached skill level 4 in Axes
  3086 | D:4      | Reached XP level 5. HP: 19/47 MP: 4/4
  3090 | D:4      | Killed AtomicRavioli's ghost
  3091 | D:4      | Reached skill level 5 in Armour
  3091 | D:4      | Reached skill level 5 in Shields
  3091 | D:4      | Reached XP level 6. HP: 24/55 MP: 5/5
  3343 | D:4      | Reached skill level 5 in Axes
  3602 | D:4      | Reached skill level 5 in Fighting
  4250 | D:5      | Entered Level 5 of the Dungeon
  4345 | D:5      | Reached XP level 7. HP: 60/61 MP: 6/6
  4518 | D:5      | Reached skill level 6 in Axes
  4701 | D:5      | Found a burning altar of Makhleb.
  4811 | D:5      | Found a staircase to the Ecumenical Temple.
  4879 | Temple   | Entered the Ecumenical Temple
  5184 | Temple   | Became a worshipper of Warmaster Okawaru
  5319 | D:6      | Noticed Edmund
  5338 | D:6      | Reached skill level 7 in Axes
  5346 | D:6      | Slain by Edmund

Illustrated notes

Levels and vault maps discovered:
D:1:      zaba_arrival_water, layout_basic
D:2:      layout_basic, shapermc_ecumenical_altar_totnotflames, serial_forest,
          infiniplex_forest_clump_C, infiniplex_forest_straight_2,
          infiniplex_forest_diagonal, infiniplex_forest_side_room,
          infiniplex_forest_straight_2, serial_shops, shop, lemuel_flame_loot_1,
          uniq_jessica
D:3:      layout_loops_corners
D:4:      layout_loops_corners, ebering_ghost_sewer_d,
          kennysheep_generic_room_14
D:5:      layout_gridville, amcnicky_altar_gilded, minmay_temple_entry_tees,
          minmay_splitting_lines
D:6:      layout_rooms, yredelemnul_altar_generic,
          chequers_serial_rivers_micro_e, serial_park_tiny_pond, uniq_edmund
Temple:   minmay_temple_bridge_d

Skill      XL: |  1  2  3  4  5  6  7 |
---------------+----------------------+-----
Armour         | 4 5 6 |  6.0
Shields        | 4 5 6 |  6.0
Fighting       | 4 5 6 |  6.1
Axes           | 3 4 5 7 |  7.1

Action                   |  1- 3 |  4- 6 |  7- 9 || total
-------------------------+-------+-------+-------++-------
Melee: War axe           |    81 |    99 |    42 ||   222
       Headbutt          |    10 |    20 |     9 ||    39
  Use: Scroll            |       |     5 |       ||     5
       Potion            |       |     2 |       ||     2
Armor: Scale mail        |    63 |    30 |    12 ||   105
Dodge: Dodged            |    43 |    35 |    22 ||   100
Block: Kite shield       |    50 |    39 |    28 ||   117

Table legend: (Time is in decaauts)
 A = Elapsed time spent in this place.
 B = Non-inter-level travel time spent in this place.
 C = Inter-level travel time spent in this place.
 D = Time resting spent in this place.
 E = Time spent auto-exploring this place.
 F = Levels seen in this place.
 G = Mean time per level.
                   A        B        C        D        E       F      G
               +--------+--------+--------+--------+--------+-----+--------+
         Total |   5466 |   5116 |    350 |    282 |   4114 |   7 |  780.9 |
       Dungeon |   5091 |   4884 |    207 |    282 |   3892 |   6 |  848.5 |
        Temple |    374 |    232 |    142 |      0 |    222 |   1 |  374.0 |
               +--------+--------+--------+--------+--------+-----+--------+

Top non-repeatable levels by time:
     D:2: 1385 daAuts
     D:4: 1302 daAuts
     D:1: 919 daAuts
     D:3: 744 daAuts
     D:5: 681 daAuts
  Temple: 374 daAuts
     D:6: 58 daAuts
